AoeStats
← Comend x comend

Lombardia

510027761Analyzed
4v4 RM · 2d ago on Sep 29, 2026· 90m 59s· 8 players
Game mode
Random Map
Map size
Large (8 player)
Population
200
Speed
Normal
Resources
Standard
Victory
Conquest
Starting age
Dark Age
Ending age
Imperial Age
RankedLock teamsTeams togetherTeam positionsShared explorationLock speedFull tech treeHidden civsTurbo modeCheats
Victory
Defeat
🇲🇽 Saracens · Mexico
1409
+13
🇲🇽 Britons · Mexico
1389
+14
🇵🇪 Chinese · Peru
1369
+15
🇨🇳 Persians · China
1349
+16
🇨🇳 Khitans · China
1455
-19
🇻🇳 Varangians · Vietnam
1351
-15
🇨🇦 Berbers · Canada
1295
-12
🇦🇹 Malay · Austria
1276
-12
Ux'BorealTulip
6:41 Loom
9:20 Feudal Age
11:20 Fletching
23:31 Castle Age
21:49 Horse Collar
21:55 Double-Bit Axe
23:29 Padded Archer Armor
23:34 Crossbowman
24:10 Bodkin Arrow
25:47 Ballistics
27:28 Thumb Ring
27:58 Leather Archer Armor
29:28 Town Watch
36:17 Wheelbarrow
35:56 Gold Mining
37:26 Forging
38:17 Bow Saw
38:19 Stone Mining
39:55 Scale Barding Armor
40:21 Hand Cart
40:32 Masonry
42:54 Imperial Age
41:09 Gold Shaft Mining
41:00 Chain Barding Armor
41:16 Iron Casting
41:49 Bloodlines
41:39 Husbandry
42:02 Murder Holes
42:18 Heavy Plow
43:23 Elite Mameluke
45:05 Blast Furnace
44:40 Plate Barding Armor
44:30 Conscription
49:47 Hoardings
55:56 Bracer
56:04 Siege Engineers
59:42 Light Cavalry
62:06 Chemistry
61:23 Arrowslits
61:51 Fortified Wall
61:28 Hussar
76:05 Heavy Camel Rider
78:23 Caravan
81:39 Pikeman
82:58 Squires
87:51 Scale Mail Armor
Comend x comend
0:36 Loom
10:36 Feudal Age
11:52 Horse Collar
15:51 Castle Age
14:10 Double-Bit Axe
16:41 Bow Saw
18:30 Heavy Plow
19:14 Wheelbarrow
18:36 Gold Mining
22:09 Hand Cart
22:59 Town Watch
24:39 Gold Shaft Mining
24:44 Forging
24:34 Scale Mail Armor
25:19 Stone Mining
Seifer
8:30 Feudal Age
8:06 Loom
9:07 Double-Bit Axe
10:53 Town Watch
14:38 Castle Age
12:48 Horse Collar
15:48 Bow Saw
16:52 Heavy Plow
22:11 Wheelbarrow
22:25 Stone Mining
23:04 Gold Mining
24:44 Gold Shaft Mining
24:43 Hand Cart
25:46 Fletching
29:08 Imperial Age
26:50 Bodkin Arrow
27:32 Ballistics
29:53 Padded Archer Armor
30:28 Conscription
30:10 Bracer
31:22 Two-Man Saw
32:55 Chemistry
32:53 Elite Longbowman
34:31 Yeomen
34:53 Leather Archer Armor
34:57 Guilds
36:13 Coinage
36:48 Ring Archer Armor
37:42 Banking
41:26 Masonry
41:21 Murder Holes
41:07 Treadmill Crane
42:05 Scale Mail Armor
42:16 Forging
41:42 Pikeman
42:23 Squires
42:08 Arson
42:06 Capped Ram
43:07 Siege Engineers
43:33 Architecture
42:45 Halberdier
44:30 Chain Mail Armor
44:50 Iron Casting
45:55 Plate Mail Armor
49:00 Blast Furnace
55:40 Hoardings
81:01 Caravan
crux_dy164
6:41 Loom
9:01 Feudal Age
10:25 Double-Bit Axe
14:33 Wheelbarrow
17:45 Castle Age
16:21 Bloodlines
17:48 Horse Collar
18:01 Gold Mining
23:39 Bow Saw
25:29 Hand Cart
30:09 Heavy Plow
31:59 Gold Shaft Mining
34:08 Imperial Age
32:05 Scale Barding Armor
32:11 Forging
33:34 Chain Barding Armor
33:16 Husbandry
34:20 Gold Shaft Mining
33:36 Stone Mining
35:19 Iron Casting
35:21 Cavalier
38:03 Savar
40:33 Two-Man Saw
40:11 Stone Shaft Mining
40:32 Plate Barding Armor
40:57 Blast Furnace
freedom is not free
11:01 Feudal Age
11:27 Domestication
11:34 Double-Bit Axe
17:57 Castle Age
17:14 Forging
18:00 Scale Barding Armor
17:57 Loom
19:41 Husbandry
20:12 Light Cavalry
22:38 Wheelbarrow
22:35 Bow Saw
23:26 Pastoralism
25:41 Hand Cart
26:46 Gold Mining
31:04 Imperial Age
29:33 Iron Casting
29:17 Town Watch
30:31 Chain Barding Armor
31:27 Stone Mining
32:48 Plate Barding Armor
32:55 Transhumance
33:29 Two-Man Saw
32:34 Hussar
38:03 Stone Shaft Mining
37:15 Heavy Camel Rider
38:40 Ordo Cavalry
38:56 Conscription
38:43 Lamellar Armor
38:51 Treadmill Crane
39:22 Masonry
39:08 Murder Holes
39:02 Elite Genitour
39:37 Fletching
40:52 Chemistry
40:12 Ballistics
41:15 Siege Engineers
41:42 Town Patrol
43:25 Fortified Wall
43:56 Bodkin Arrow
44:02 Padded Archer Armor
46:16 Coinage
45:56 Guilds
45:47 Caravan
48:14 Banking
49:03 Bracer
49:19 Leather Archer Armor
50:00 Thumb Ring
51:12 Ring Archer Armor
51:51 Scale Mail Armor
51:54 Squires
51:39 Arson
51:40 Gambesons
83:24 Parthian Tactics
82:38 Heavy Cavalry Archer
Vaod1
5:08 Loom
9:56 Feudal Age
10:26 Double-Bit Axe
12:08 Horse Collar
15:29 Scale Barding Armor
15:53 Forging
16:10 Bloodlines
21:37 Castle Age
21:58 Gold Mining
22:24 Husbandry
22:51 Bow Saw
22:43 Heavy Plow
23:02 Stone Mining
26:34 Wheelbarrow
27:54 Fletching
32:03 Hand Cart
32:22 Chain Barding Armor
34:48 Iron Casting
34:18 Kasbah
36:29 Bodkin Arrow
39:07 Imperial Age
38:19 Padded Archer Armor
38:57 Light Cavalry
40:27 Plate Barding Armor
40:53 Blast Furnace
39:59 Bracer
40:19 Thumb Ring
40:41 Conscription
39:47 Hussar
41:10 Leather Archer Armor
45:03 Chemistry
44:24 Ballistics
44:16 Masonry
44:58 Cavalier
47:37 Leather Archer Armor
47:44 Elite Skirmisher
50:10 Ring Archer Armor
『21』〆HEMOO
12:30 Feudal Age
16:44 Castle Age
15:36 Horse Collar
15:43 Double-Bit Axe
16:01 Gold Mining
22:02 Forging
25:12 Iron Casting
36:13 Wheelbarrow
35:23 Loom
38:05 Bow Saw
40:06 Gold Shaft Mining
40:11 Treadmill Crane
40:22 Town Watch
41:16 Hand Cart
45:15 Imperial Age
43:35 Town Patrol
43:42 Scale Barding Armor
43:38 Padded Archer Armor
43:28 Fletching
43:43 Scale Barding Armor
44:21 Stone Mining
45:17 Heavy Plow
45:30 Elite Battle Elephant
47:44 Blast Furnace
47:49 Conscription
46:59 Sappers
49:24 Husbandry
48:45 Light Cavalry
49:44 Leather Archer Armor
49:24 Bodkin Arrow
50:29 Thumb Ring
49:46 Crossbowman
50:56 Ballistics
51:36 Chemistry
51:19 Arbalester
53:44 Elite Skirmisher
53:47 Elite Genitour
60:58 Crop Rotation
85:18 Caravan
85:56 Coinage
85:36 Guilds
89:31 Stone Shaft Mining
89:43 Banking
89:36 Guilds
8co
5:00 Loom
6:29 Loom
9:26 Feudal Age
10:03 Double-Bit Axe
10:35 Horse Collar
14:59 Bloodlines
25:59 Castle Age
24:05 Scale Barding Armor
24:11 Forging
24:27 Gold Mining
24:53 Arson
25:24 Scale Mail Armor
27:39 Squires
27:25 Gambesons
28:56 Bow Saw
29:24 Wheelbarrow
29:44 Heavy Plow
30:50 Chain Mail Armor
38:11 Iron Casting
44:16 Imperial Age
42:05 Fletching
42:19 Elite Skirmisher
43:28 Bodkin Arrow
43:16 Elite Skirmisher
44:21 Padded Archer Armor
45:24 Ballistics
45:55 Bracer
47:10 Chemistry
47:48 Town Watch
48:18 Hand Cart
49:05 Two-Man Saw
55:47 Crop Rotation
Connection lost

Rejoining the realm…

Still unreachable

The connection could not be restored.

Session expired

The server has moved on; the page needs a fresh start.